 Dungeon Crawl Stone Soup version 0.29-a0-422-gafbd6decc1 (webtiles) character file.

Game seed: 9966063876917487372

25 YayAnonymity the Cudgeller (level 2, -1/22 HPs)
             Began as a Demonspawn Gladiator on May 19, 2022.
             Killed from afar by Ijyb (7 damage)
             ... with an iceblast
             ... on level 4 of the Dungeon.
             The game lasted 00:01:44 (1202 turns).

YayAnonymity the Cudgeller (Demonspawn Gladiator)   Turns: 1202, Time: 00:01:45

Health: -1/22      AC:  7    Str: 14    XL:     2   Next: 86%
Magic:  2/2        EV: 15    Int:  9    God:
Gold:   135        SH:  0    Dex: 14    Spells: 1/1 levels left

rFire   . . .      SeeInvis .   a - +0 flail
rCold   . . .      Faith    .   (no shield)
rNeg    . . .      Spirit   .   k - +0 ring mail
rPois   .          Reflect  .   c - +0 helmet
rElec   .          Harm     .   (no cloak)
rCorr   .          Rampage  .   i - +0 pair of gloves
Will    .....                   (no boots)
Stlth   +.........              (no amulet)
HPRegen 0.07/turn               l - +4 ring of evasion
MPRegen 0.08/turn               (no ring)

@: no status effects
A: foul stench 1
a: no special abilities


You were on level 4 of the Dungeon.
You visited 1 branch of the dungeon, and saw 3 of its levels.

You collected 135 gold pieces.

Inventory:

Hand Weapons
 a - a +0 flail (weapon)
Missiles
 d - 3 throwing nets (quivered)
 e - a javelin
 h - 2 datura-tipped darts
Armour
 c - a +0 helmet (worn)
 i - a +0 pair of gloves (worn)
 k - a +0 ring mail (worn)
Jewellery
 l - a +4 ring of evasion (left hand)
Scrolls
 b - a scroll of blinking {unknown}
 f - 3 scrolls of identify {unknown}
 g - a scroll of enchant armour {unknown}
 j - a scroll of enchant weapon {unknown}
Potions
 m - a potion of ambrosia {unknown}


   Skills:
 - Level 2.0 Fighting
 + Level 3.7 Maces & Flails
 - Level 1.7 Throwing
 - Level 2.6 Dodging


You had one spell level left.
You didn't know any spells.
Your spell library was empty.

Dungeon Overview and Level Annotations

Branches:
Dungeon (2/15)

Altars:

Annotations:
D:4 Ijyb


Innate Abilities, Weirdness & Mutations

You may rarely emit foul miasma when damaged in melee.


Message History

The endoplasm hits you but does no damage.
You sock the endoplasm!
You kill the endoplasm!
No target in view!
No target in view!
You open the door.
A hobgoblin comes into view.
A sourceless malevolence fills the Dungeon...
You fall into a shaft and drop 2 floors!
The shaft crumbles and collapses.
Found five items.
Found 6 gold pieces.
You now have 129 gold pieces (gained 10).
Found a pink potion.
b - a scroll labelled UGRAKY WUITIPU
l - a +4 ring of evasion
l - a +4 ring of evasion (left hand)
You now have 135 gold pieces (gained 6).
m - a pink potion
Okay, then.
Found a stone staircase leading down.
A worm comes into view.
A worm is nearby!
You sock the worm!
The worm is heavily wounded.
You barely miss the worm.
The worm is heavily wounded.
The worm closely misses you.
You sock the worm!
You kill the worm!
Ijyb the Twisted Goblin comes into view.
She is wielding a +0 club and carrying a wand of iceblast (8).
Ijyb shouts!
You hear a shout!
Ijyb drinks a potion.
Ijyb suddenly seems more resistant.
A hobgoblin comes into view.
The hobgoblin shouts!
Ijyb zaps a wand.
The mass of ice explodes!
The iceblast engulfs you!
Ouch! That really hurt!
* * * LOW HITPOINT WARNING * * *
Ijyb zaps a wand.
The mass of ice explodes!
The iceblast engulfs you!
You die...

######## #......#####
###### #.....>....## #.....
#......#.#..# #.....
#........#..##########.....
#..........................
#......###@#.########......
######## #.#.## ###......
#########.#..#####........
........#.#.....##.#..[...
........#.#...# .#.)....
........g...#.# # #......
........#g###.# #......
......g##.# #...... .......
..# #.#####


You could see Ijyb (resistant) and a hobgoblin.

Vanquished Creatures
  An adder (D:2)
  A worm (D:4)
  3 endoplasms
  2 goblins (D:1)
  2 ball pythons (D:1)
  3 bats
  2 frilled lizards (D:1)
  2 rats (D:1)
16 creatures vanquished.

Notes
Turn   | Place    | Note
-------+----------+-------------------------------------------
     0 | D:1      | YayAnonymity the Demonspawn Gladiator began the quest for
                  | the Orb.
     0 | D:1      | Reached XP level 1. HP: 16/16 MP: 1/1
   175 | D:1      | Reached skill level 3 in Maces & Flails
   262 | D:1      | Gained mutation: You may rarely emit foul miasma when
                  | damaged in melee. [demonic ancestry]
   262 | D:1      | Reached XP level 2. HP: 22/22 MP: 2/2
  1126 | D:2      | You fall into a shaft and drop 2 floors!
  1194 | D:4      | Noticed Ijyb
  1202 | D:4      | Killed from afar by Ijyb

Illustrated notes

Levels and vault maps discovered:
D:1:      lemuel_arrival_behind_the_door_large, layout_loops_ring,
          minmay_misc_feat_ornament, serial_bayou_ford_a,
          hangedman_abyss_or_decor_stabs
D:2:      layout_basic, dk_noncrumbling_4
D:4:      layout_basic, kennysheep_diamond, uniq_ijyb

Skill      XL: |  1 |
---------------+----+-----
Maces & Flails | 3 |  3.7
Fighting       | |  2.0
Throwing       | |  1.7
Dodging        | |  2.6

Action                   || total
-------------------------++-------
Melee: Flail             ||    46
Armor: Leather armour    ||    10
       Ring mail         ||     3
Dodge: Dodged            ||    35

Table legend: (Time is in decaauts)
 A = Elapsed time spent in this place.
 B = Non-inter-level travel time spent in this place.
 C = Inter-level travel time spent in this place.
 D = Time resting spent in this place.
 E = Time spent auto-exploring this place.
 F = Levels seen in this place.
 G = Mean time per level.
                   A        B        C        D        E       F      G
               +--------+--------+--------+--------+--------+-----+--------+
         Total |   1219 |   1170 |     49 |      0 |    939 |   3 |  406.3 |
       Dungeon |   1219 |   1170 |     49 |      0 |    939 |   3 |  406.3 |
               +--------+--------+--------+--------+--------+-----+--------+

Top non-repeatable levels by time:
     D:1: 886 daAuts
     D:2: 257 daAuts
     D:4: 75 daAuts
